 Dungeon Sprint DCSS version 0.23-a0-143-g1adec7b (webtiles) character file.

79 TheOrbIsALie the Insei (level 4, -2/37 HPs)
             Began as a Gnoll Transmuter on Aug 31, 2018.
             Slain by a human (6 damage)
             ... in the Dungeon (Sprint III: "The Ten Rune Challenge").
             The game lasted 00:00:33 (141 turns).

TheOrbIsALie the Insei (Gnoll Transmuter)            Turns: 141, Time: 00:00:33

Health: -2/37      AC:  2    Str: 13    XL:     4   Next: 37%
Magic:  0/11       EV: 15    Int: 16    God:
Gold:   14         SH:  0    Dex: 15    Spells: 13/14 levels left

rFire    . . .     SeeInvis .     - Unarmed
rCold    . . .     Gourm    .   (no shield)
rNeg     . . .     Faith    .   b - +0 robe
rPois    .         Spirit   +   (no helmet)
rElec    .         Reflect  .   c - scarf {Spirit}
rCorr    .         Harm     .   (no gloves)
MR       .....     NoTele   +   (no boots)
Stlth    ++........             (no amulet)
HPRegen  0.12/turn              (no ring)
MPRegen  0.12/turn              (no ring)

@: appendage
A: distributed training, fangs 1, horns 2, strong nose
a: End Transformation


You were in the Dungeon.
You were not hungry.
You had grown temporary horns.
You visited 1 branch You collected 14 gold pieces.

Inventory:

Missiles
 a - 12 arrows
Armour
 b - a +0 robe (worn)
 c - a scarf of spirit shield (worn)
Scrolls
 j - a scroll of blinking
Potions
 e - a potion of curing
 f - a potion of heal wounds
 g - a potion of haste
 h - 2 potions of magic
 i - a potion of berserk rage
Comestibles
 d - a ration


   Skills:
 + Level 3.7 Fighting
 + Level 2.6 Short Blades
 + Level 2.6 Long Blades
 + Level 2.6 Axes
 + Level 2.6 Maces & Flails
 + Level 2.6 Polearms
 + Level 2.6 Staves
 + Level 2.6 Slings
 + Level 2.6 Bows
 + Level 2.6 Crossbows
 + Level 2.6 Throwing
 + Level 2.6 Armour
 + Level 5.3 Dodging
 + Level 2.6 Stealth
 + Level 2.6 Shields
 + Level 7.1 Unarmed Combat
 + Level 5.6 Spellcasting
 + Level 2.1 Conjurations
 + Level 2.1 Hexes
 + Level 2.1 Charms
 + Level 2.1 Summonings
 + Level 2.1 Necromancy
 + Level 2.1 Translocations
 + Level 4.3 Transmutations
 + Level 2.1 Fire Magic
 + Level 2.1 Ice Magic
 + Level 2.1 Air Magic
 + Level 2.1 Earth Magic
 + Level 2.1 Poison Magic
 + Level 2.9 Invocations
 + Level 2.6 Evocations


You had 13 spell levels left.
You knew the following spells:

 Your Spells              Type           Power        Failure   Level  Hunger
a - Beastly Appendage     Tmut           ###...       2%          1    None

Your spell library contained the following spells:

 Spells                   Type           Power        Failure   Level  Hunger
 Sticks to Snakes         Tmut           ###.....     3%          2    #......
 Spider Form              Tmut/Pois      ##........   11%         3    ##.....
 Ice Form                 Ice/Tmut       ##......     36%         4    ####...
 Blade Hands              Tmut           ###.......   54%         5    ######.


Dungeon Overview and Level Annotations

Branches:
Dungeon (1/1)

Altars:


Innate Abilities, Weirdness & Mutations

Your experience applies equally to all skills.
You have very sharp teeth.
Your uncanny sense of smell can sniff out nearby items.
You have a pair of horns on your head.


Message History

Your Poison Magic skill increases to level 2!
Your Evocations skill increases to level 2!
You have reached level 4!
You feel clever. The human hits you.
* * * LOW HITPOINT WARNING * * *
Unknown command.
You miss the human. You hit the human. Your bite misses the human.
The human is lightly wounded.
The human hits you!
* * * LOW HITPOINT WARNING * * *
You punch the human!
The human is moderately wounded.
The human closely misses you.
You hit the human. You headbutt the human!
You bite the human, but do no damage.
The human is heavily wounded.
The human hits you!
You die...

▓...#......##
▓..##.......#∆∆
..#∆
▓##.##.##...#∆∆ ..#
##.##.###..# #..#
▓#.####.##..# ...+
▓.###..##..## #...#
▓#.....##..###....#
###..##)..##p....#
##†.##....#.@....#
#..###..##.#.....#
∆ #..# #..
####....# ▓▓▓▓ ▓▓▓
▓▓▓▓▓ ∆


You could see a human.

Vanquished Creatures
  A scorpion (D)
  Jessica (D)
  An ooze (D)
  2 rats (D)
5 creatures vanquished.

Vanquished Creatures (others)
  5 hellions (D)
  A yaktaur (D)
6 creatures vanquished.

Grand Total: 11 creatures vanquished

Notes
Turn   | Place    | Note
-------+----------+-------------------------------------------
     0 | D        | TheOrbIsALie the Gnoll Transmuter began the quest for the
                  | Orb.
     0 | D        | Reached XP level 1. HP: 17/17 MP: 6/6
     9 | D        | Reached skill level 5 in Spellcasting
     9 | D        | Reached skill level 1 in Invocations
    12 | D        | Reached skill level 1 in Short Blades
    12 | D        | Reached skill level 1 in Long Blades
    12 | D        | Reached skill level 1 in Axes
    12 | D        | Reached skill level 1 in Maces & Flails
    12 | D        | Reached skill level 1 in Polearms
    12 | D        | Reached skill level 1 in Staves
    12 | D        | Reached skill level 1 in Slings
    12 | D        | Reached skill level 1 in Bows
    12 | D        | Reached skill level 1 in Crossbows
    12 | D        | Reached skill level 1 in Throwing
    12 | D        | Reached skill level 1 in Armour
    12 | D        | Reached skill level 1 in Stealth
    12 | D        | Reached skill level 1 in Shields
    12 | D        | Reached skill level 1 in Evocations
    30 | D        | Reached XP level 2. HP: 20/23 MP: 6/8
    44 | D        | Noticed Jessica
    44 | D        | Killed a yaktaur
    50 | D        | Killed Jessica
    50 | D        | Reached skill level 1 in Conjurations
    50 | D        | Reached skill level 1 in Hexes
    50 | D        | Reached skill level 1 in Charms
    50 | D        | Reached skill level 1 in Summonings
    50 | D        | Reached skill level 1 in Necromancy
    50 | D        | Reached skill level 1 in Translocations
    50 | D        | Reached skill level 1 in Fire Magic
    50 | D        | Reached skill level 1 in Ice Magic
    50 | D        | Reached skill level 1 in Air Magic
    50 | D        | Reached skill level 1 in Earth Magic
    50 | D        | Reached skill level 1 in Poison Magic
    50 | D        | Reached XP level 3. HP: 28/29 MP: 0/9
    86 | D        | Killed a hellion
    87 | D        | Killed a hellion
    87 | D        | Killed a hellion
    88 | D        | Killed a hellion
   129 | D        | Noticed a scorpion
   137 | D        | Killed a scorpion
   137 | D        | Reached skill level 5 in Dodging
   137 | D        | Reached skill level 7 in Unarmed Combat
   137 | D        | Reached XP level 4. HP: 13/37 MP: 4/11
   140 | D        | Killed a hellion
   141 | D        | Slain by a human

Vault maps used:
D:        dungeon_sprint_mu

Skill      XL: |  1  2  3 |
---------------+----------+-----
Spellcasting   | 5 |  5.6
Invocations    | 1 2 |  2.9
Short Blades   | 1 2 |  2.6
Long Blades    | 1 2 |  2.6
Axes           | 1 2 |  2.6
Maces & Flails | 1 2 |  2.6
Polearms       | 1 2 |  2.6
Staves         | 1 2 |  2.6
Slings         | 1 2 |  2.6
Bows           | 1 2 |  2.6
Crossbows      | 1 2 |  2.6
Throwing       | 1 2 |  2.6
Armour         | 1 2 |  2.6
Stealth        | 1 2 |  2.6
Shields        | 1 2 |  2.6
Evocations     | 1 2 |  2.6
Fighting       | 3 |  3.7
Conjurations   | 1 2 |  2.1
Hexes          | 1 2 |  2.1
Charms         | 1 2 |  2.1
Summonings     | 1 2 |  2.1
Necromancy     | 1 2 |  2.1
Translocations | 1 2 |  2.1
Transmutations | 4 |  4.3
Fire Magic     | 1 2 |  2.1
Ice Magic      | 1 2 |  2.1
Air Magic      | 1 2 |  2.1
Earth Magic    | 1 2 |  2.1
Poison Magic   | 1 2 |  2.1
Dodging        | 5 |  5.3
Unarmed Combat | 7 |  7.1

Action                   |  1- 3 |  4- 6 || total
-------------------------+-------+-------++-------
Melee: Unarmed           |    15 |     4 ||    19
       Bite              |     2 |     1 ||     3
       Kick              |     1 |       ||     1
       Headbutt          |     1 |     1 ||     2
 Cast: Beastly Appendage |     4 |       ||     4
 Stab: Sleeping          |     1 |       ||     1
Dodge: Dodged            |     8 |     1 ||     9

Table legend:
 A = Non-vault XP
 B = Vault XP
 C = Vault XP percentage of total XP
 D = Non-vault monster count
 E = Vault monster count
 F = Vault count percentage of total count
                 A         B        C        D         E       F
            +---------+---------+-------+---------+---------+-------
      Total |       0 |     113 | 100.0 |       0 |       5 | 100.0
            +---------+---------+-------+---------+---------+-------
          D |       0 |     113 | 100.0 |       0 |       5 | 100.0
            +---------+---------+-------+---------+---------+-------
